 Dungeon Crawl Stone Soup version 0.21.1-1-g345015f (webtiles) character file.

102 pk666 the Magician (level 4, -2/24 HPs)
             Began as a Deep Elf Wizard on Feb 13, 2018.
             Slain by Grinder (5 damage)
             ... on level 3 of the Dungeon.
             The game lasted 00:11:28 (4320 turns).

pk666 the Magician (Deep Elf Wizard)                Turns: 4320, Time: 00:11:29

Health: -2/24      AC:  3    Str:  2 (4)  XL:     4   Next: 49%
Magic:  1/13       EV: 13    Int: 21 (24) God:
Gold:   149        SH:  0    Dex: 12 (13) Spells: 4/13 levels left

rFire    + . .     SeeInvis .   f - +0 dagger
rCold    + . .     Gourm    .   (no shield)
rNeg     . . .     Faith    .   a - +0 robe
rPois    +         Spirit   .   b - +0 hat
rElec    +         Reflect  .   (no cloak)
rCorr    +         Harm     .   (no gloves)
MR       .....                  k - +0 pair of boots
Stlth    ++........             (no amulet)
HPRegen  0.08/turn              (no ring)
MPRegen  0.13/turn              (no ring)

@: about to teleport, resistant (expiring), very slightly contaminated
A: no striking features
a: no special abilities


You were on level 3 of the Dungeon.
You were not hungry.

You visited 1 branch of the dungeon, and saw 3 of its levels.

You collected 149 gold pieces.

Inventory:

Hand Weapons
 f - a +0 dagger (weapon)
Armour
 a - a +0 robe (worn)
 b - a +0 hat (worn)
 k - a +0 pair of boots (worn)
Wands
 l - a wand of random effects (25)
Scrolls
 g - a scroll of remove curse
 h - 3 scrolls of teleportation
 i - a scroll of identify {unknown}
 p - a scroll of fog {unknown}
Potions
 n - a potion of resistance
 o - a potion of lignification
Books
 c - a book of Minor Magic

   Spells                             Type                      Level
   a - Magic Dart                     Conjuration                  1
   b - Blink                          Translocation                2
   c - Call Imp                       Summoning                    2
   d - Slow                           Hexes                        2
   e - Conjure Flame                  Conjuration/Fire             3
   f - Mephitic Cloud                 Conjuration/Poison/Air       3
Comestibles
 d - 5 rations
 q - 6 chunks of flesh


   Skills:
 + Level 3.8 Dodging
 - Level 2.4 Stealth
 + Level 5.1 Spellcasting
 + Level 2.3 Conjurations
   Level 1.1 Summonings
 - Level 1.1 Translocations
 * Level 0.6 Fire Magic
 * Level 1.0 Air Magic
 * Level 1.2 Poison Magic


You had 4 spell levels left.
You knew the following spells:

 Your Spells              Type           Power        Failure   Level  Hunger
a - Magic Dart            Conj           ###.         4%          1    None
b - Blink                 Tloc           N/A          11%         2    None
d - Conjure Flame         Conj/Fire      ##......     17%         3    ##.....
z - Mephitic Cloud        Conj/Pois/Air  ##......     17%         3    ##.....


Dungeon Overview and Level Annotations

Branches:
Dungeon (3/15)

Altars:
Fedhas

Annotations:
D:3 Grinder


Message History

As you read the scroll of teleportation, it crumbles to dust.
You feel strangely unstable.
Casting: Magic Dart
Confirm with . or Enter, or press ? or * to list all spells.
You don't have enough magic to cast that spell.
Okay, then.
Grinder hits you.
You writhe in agony.
* * * LOW HITPOINT WARNING * * *
Casting: Magic Dart
Confirm with . or Enter, or press ? or * to list all spells.
Aiming: Magic Dart
Press: ? - help, Shift-Dir - straight line, f/p - Grinder
Aim: Grinder (moderately wounded)
The magic dart hits Grinder.
Grinder is heavily wounded.
You start to feel less resistant.
Grinder hits you.
* * * LOW HITPOINT WARNING * * *
You writhe in agony.
You die...

#.....#######...#)P#..#..
#......#..#..#...'..#..#..
.......#..'..#####(P#'##..
. #.#####'#....).......
....#.............(..)...
................##'##.P(.
....#.P#'##..####...####.
. #5P#.5#..#..#)..'..#.
....#@.#..#..'...#..#.
..#..####..###########.
....#.. .... ....... ...
... ...... ....... .. ##.
...## ####... .... #...
####


You could see Grinder.

Vanquished Creatures
  2 adders
  A gnoll (D:3)
  A dart slug (D:2)
  2 leopard geckos (D:1)
  2 orcs (D:3)
  6 bats
  5 giant cockroaches
  10 goblins
  12 hobgoblins
  3 frilled lizards
  14 kobolds
  5 rats
63 creatures vanquished.

Vanquished Creatures (others)
  A kobold (D:1)
1 creature vanquished.

Grand Total: 64 creatures vanquished

Notes
Turn   | Place    | Note
-------+----------+-------------------------------------------
     0 | D:1      | pk666 the Deep Elf Wizard began the quest for the Orb.
     0 | D:1      | Reached XP level 1. HP: 10/10 MP: 7/7
   303 | D:1      | Reached XP level 2. HP: 13/15 MP: 5/9
  1122 | D:1      | Reached skill level 5 in Spellcasting
  1507 | D:2      | Reached XP level 3. HP: 13/19 MP: 6/11
  1595 | D:2      | Learned a level 2 spell: Blink
  1599 | D:2      | Learned a level 3 spell: Mephitic Cloud
  1603 | D:2      | Learned a level 3 spell: Conjure Flame
  1830 | D:2      | Found a blossoming altar of Fedhas.
  2933 | D:3      | Reached XP level 4. HP: 24/24 MP: 8/13
  3056 | D:2      | Reached skill level 1 in Poison Magic
  4153 | D:3      | Reached skill level 1 in Air Magic
  4256 | D:3      | Noticed Grinder
  4281 | D:3      | Paralysed by Grinder for 5 turns
  4290 | D:3      | Paralysed by Grinder for 6 turns
  4300 | D:3      | Paralysed by Grinder for 5 turns
  4320 | D:3      | Slain by Grinder

Skill      XL: |  1  2  3  4 |
---------------+-------------+-----
Dodging        | 3 |  3.8
Conjurations   | 2 |  2.3
Spellcasting   | 5 |  5.1
Poison Magic   | 1 |  1.2
Air Magic      | 1 |  1.0
Stealth        | |  2.4
Summonings     | |  1.1
Translocations | |  1.1
Fire Magic     | |  0.6

Action                   |  1- 3 |  4- 6 || total
-------------------------+-------+-------++-------
Melee: Dagger            |       |     9 ||     9
 Cast: Magic Dart        |   127 |    65 ||   192
       Conjure Flame     |     1 |     6 ||     7
       Mephitic Cloud    |       |     4 ||     4
       Blink             |       |     4 ||     4
  Use: Potion            |       |     5 ||     5
       Scroll            |       |     3 ||     3
  Eat: Chunk             |     5 |     2 ||     7
       Ration            |       |     1 ||     1
Armor: Robe              |    11 |    16 ||    27
       Skin              |       |    12 ||    12
Dodge: Dodged            |    25 |    35 ||    60
